 Dungeon Crawl Stone Soup version 0.29-a0-561-ga02bf68b3c (webtiles) character file.

Game seed: 3210898501289664137

39 Essalna the Insei (level 3, -8/24 HPs)
             Began as an Octopode Transmuter on June 11, 2022.
             Mangled by an ogre
             ... wielding a +0 giant club
              (24 damage)
             ... on level 2 of the Dungeon.
             The game lasted 00:02:45 (1748 turns).

Essalna the Insei (Octopode Transmuter)             Turns: 1748, Time: 00:02:45

Health: -8/24      AC:  1    Str:  9    XL:     3   Next: 47%
Magic:  5/5        EV: 13    Int: 17    God:
Gold:   46         SH:  0    Dex: 12    Spells: 5/6 levels left

rFire   . . .      SeeInvis .     - Unarmed
rCold   . . .      Faith    .   (no shield)
rNeg    . . .      Spirit   .   (helmet restricted)
rPois   .          Reflect  .   (no amulet)
rElec   .          Harm     .   (no ring)
rCorr   .          Rampage  .   (no ring)
Will    .....      Clarity  +   (no ring)
Stlth   ++........              (no ring)
HPRegen 0.08/turn               (no ring)
MPRegen 0.09/turn               (no ring)
                                (no ring)
                                (no ring)

@: no status effects
A: almost no armour, amphibious, 8 rings, camouflage 1, gelatinous body 1,
(nimble swimmer 1), tentacles, clarity, low MP 1
a: no special abilities


You were on level 2 of the Dungeon.
You visited 1 branch of the dungeon, and saw 2 of its levels.

You collected 46 gold pieces.

Inventory:

Scrolls
 g - a scroll of acquirement
Potions
 a - 3 potions of lignification
 d - a potion of attraction


   Skills:
 + Level 1.7 Fighting
 + Level 2.5 Dodging
 + Level 3.3 Unarmed Combat
 - Level 2.0 Spellcasting
 + Level 2.5 Transmutations


You had 5 spell levels left.
You knew the following spells:

 Your Spells              Type           Power      Damage    Failure   Level
a - Beastly Appendage     Tmut           20%        N/A       7%          1

Your spell library contained the following spells:

 Spells                   Type           Power      Damage    Failure   Level
 Wereblood                Tmut           10%        N/A       11%         2
 Spider Form              Tmut/Pois      6%         N/A       34%         3
 Ice Form                 Ice/Tmut       6%         N/A       75%         4


Dungeon Overview and Level Annotations

Branches:
Dungeon (2/15)

Altars:


Innate Abilities, Weirdness & Mutations

You cannot wear most types of armour.
You are amphibious.
You can wear up to eight rings at the same time.
Your skin changes colour to match your surroundings (Stealth+).
Your rubbery body absorbs attacks. (AC +1, EV +1)
((You are camouflaged when in or above water. (Stealth+)))
You have tentacles for arms and can constrict up to eight enemies at once.
You possess an exceptional clarity of mind.
Your magical capacity is low. (-10% MP)


Message History

You barely miss the bat. You grab the bat.
Your tentacle spike misses the bat.
You constrict the bat. The bat barely misses you.
The bat struggles to escape constriction.
The bat escapes!
Your transformation is almost over.
The bat misses you. The bat misses you.
You tentacle-slap the bat.
You kill the bat!
No target in view!
There is a stone staircase leading up here.
An endoplasm comes into view.
An endoplasm is nearby!
You extend your transformation's duration.
The endoplasm quivers.
The endoplasm freezes you.
You are frozen.
You tentacle-slap the endoplasm.
You pierce the endoplasm.
You kill the endoplasm!
No target in view!
Your transformation is almost over.
Your tentacle spike disappears.
Key pressed, stopping explore.
It was a potion of heal wounds.
You feel much better.
As you read the scroll labelled LOPLAD BIAN, it crumbles to dust.
You feel aware of your surroundings.
You sensed 1 altar.
It was a scroll of magic mapping.
The ogre hits you with a +0 giant club!
As you read the scroll labelled IHIMPA QAOJ, it crumbles to dust.
The creatures around you are filled with an inner flame!
It was a scroll of immolation.
As you read the scroll labelled XASKEI HATEUZY, it crumbles to dust.
It is a scroll of identify.
d - a potion of attraction The ogre closely misses you.
This is a scroll of acquirement!
It was a potion of mutation.
You feel extremely strange.
Your thoughts seem clearer.
You feel less energetic.
The ogre hits you with a +0 giant club!!
Ouch! That really hurt!
You die...

,,,,,,,****** ##########
,,,,,,,,,,,,*
,,,,,,,,,,,,****
,,,,,,,,,,,,,,,*
,,,.....l#****,* ##
,**#.....# *,* #. ,*
#.....# *,####### #. ,*
#..l..# *,#.....#### #.
,* *#....# *,#@###....#
#. ,* #...S# *,#O#.#....#
######.
,####....#####.....#....#
#......
,.......<.r........#.####
#.#####
*####....######...##.#
#.#.... * ######
*,,.....#.# #.#.#.# *
*,*####.#.#### #.#.#.. *
*,* *.#....# #.#.#.[ *,*
*,#....# #.#.#..


You could see an ogre (inner flame).

Vanquished Creatures
  An adder (D:2)
  2 dart slugs (D:1)
  2 ball pythons
  3 endoplasms
  5 hobgoblins (D:1)
  3 kobolds (D:1)
  5 bats
  2 frilled lizards (D:2)
  A goblin (D:1)
  3 rats
27 creatures vanquished.

Notes
Turn   | Place    | Note
-------+----------+-------------------------------------------
     0 | D:1      | Essalna the Octopode Transmuter began the quest for the
                  | Orb.
     0 | D:1      | Reached XP level 1. HP: 13/13 MP: 3/3
   512 | D:1      | Reached XP level 2. HP: 18/18 MP: 3/5
  1169 | D:2      | Noticed an ogre
  1319 | D:2      | Reached XP level 3. HP: 13/23 MP: 4/6
  1748 | D:2      | Identified a scroll of acquirement
  1748 | D:2      | Gained mutation: You possess an exceptional clarity of
                  | mind. [potion of mutation]
  1748 | D:2      | Gained mutation: Your magical capacity is low. (-10% MP)
                  | [potion of mutation]
  1748 | D:2      | Mangled by an ogre

Illustrated notes

Levels and vault maps discovered:
D:1:      noname_arrival_rooms_in_the_neighbourhood, layout_basic
D:2:      layout_basic, hellmonk_ecumenical_altar_inner_sanctum

Action                   || total
-------------------------++-------
Melee: Unarmed           ||    64
       Constrict         ||    20
       Kick              ||    14
       Tentacles         ||     9
 Cast: Beastly Appendage ||    22
  Use: Scroll            ||     3
       Potion            ||     2
 Stab: Sleeping          ||     1
Armor: Skin              ||     8
Dodge: Dodged            ||    47

Table legend: (Time is in decaauts)
 A = Elapsed time spent in this place.
 B = Non-inter-level travel time spent in this place.
 C = Inter-level travel time spent in this place.
 D = Time resting spent in this place.
 E = Time spent auto-exploring this place.
 F = Levels seen in this place.
 G = Mean time per level.
                   A        B        C        D        E       F      G
               +--------+--------+--------+--------+--------+-----+--------+
         Total |   1743 |   1660 |     83 |      0 |   1433 |   2 |  871.5 |
       Dungeon |   1743 |   1660 |     83 |      0 |   1433 |   2 |  871.5 |
               +--------+--------+--------+--------+--------+-----+--------+

Top non-repeatable levels by time:
     D:1: 1204 daAuts
     D:2: 538 daAuts
